[Event "GambitGuide"]
[Site "Internet Chess Club"]
[Date "2014.10.31"]
[Round "1"]
[White "JSBach"]
[Black "Zwischenzug"]
[Result "1-0"]
[ICCResult "Black resigns"]
[WhiteElo "1624"]
[BlackElo "1743"]
[Opening "Vienna: `Frankenstein-Dracula' variation"]
[ECO "C27"]
[NIC "VG.02"]
[Time "11:22:09"]
[TimeControl "120+12"]

1. e4 e5 2. Nc3 Nf6 3. Bc4 Nxe4 4. Qh5 Nd6 5. Bb3 Nc6 6. Nb5 g6 7. Qf3 f5 8.
Qd5 Qe7 9. Nxc7+ Kd8 10. Nxa8 b6 11. d3 Bb7 {Black resigns} 1-0

[Event "GambitGuide"]
[Site "Internet Chess Club"]
[Date "2014.10.31"]
[Round "1"]
[White "JSBach"]
[Black "joppie"]
[Result "0-1"]
[ICCResult "White forfeits on time"]
[WhiteElo "1624"]
[BlackElo "1684"]
[Opening "Vienna: `Frankenstein-Dracula' variation"]
[ECO "C27"]
[NIC "VG.02"]
[Time "11:20:44"]
[TimeControl "120+12"]

1. e4 e5 2. Nc3 Nf6 3. Bc4 Nxe4 4. Qh5 Nd6 5. Bb3 Nc6 6. Nb5 g6 7. Qf3 f5 8.
Qd5 Qe7 9. Nxc7+ Kd8 10. Nxa8 b6 11. d3 Bg7 12. Ba4 Bb7 13. Nxb6 axb6
{White forfeits on time}
0-1

[Event "GambitGuide"]
[Site "Internet Chess Club"]
[Date "2014.10.31"]
[Round "1"]
[White "JSBach"]
[Black "Sagobert"]
[Result "0-1"]
[ICCResult "White checkmated"]
[WhiteElo "1605"]
[BlackElo "2300"]
[Opening "Vienna: `Frankenstein-Dracula' variation"]
[ECO "C27"]
[NIC "VG.02"]
[Time "11:19:26"]
[TimeControl "120+12"]

1. e4 e5 2. Nc3 Nf6 3. Bc4 Nxe4 4. Qh5 Nd6 5. Bb3 Nc6 6. Nb5 g6 7. Qf3 f5 8.
Qd5 Qe7 9. Nxc7+ Kd8 10. Nxa8 b6 11. d3 Bb7 12. Nxb6 axb6 13. Qf3 Bg7 14.
Be3 Nd4 15. Qh3 Nf7 16. Ne2 Ng5 17. Bxg5 Qxg5 18. Nxd4 exd4 19. O-O Be5 20.
Rfe1 d6 21. Be6 Ke7 22. f4 Qxf4 23. g3 Qf3 24. Rxe5 dxe5 25. Re1 Kxe6 26. a3
Rc8 27. c3 dxc3 28. bxc3 Rxc3 29. a4 Rc2 30. Rxe5+ Kxe5 31. d4+ Kd6 32. d5
Rc1+ 33. Qf1 Qxf1# {White checkmated} 0-1

[Event "GambitGuide"]
[Site "Internet Chess Club"]
[Date "2014.10.31"]
[Round "1"]
[White "JSBach"]
[Black "joppie"]
[Result "1-0"]
[ICCResult "Black resigns"]
[WhiteElo "1605"]
[BlackElo "1684"]
[Opening "Vienna: `Frankenstein-Dracula' variation"]
[ECO "C27"]
[NIC "VG.02"]
[Time "11:23:29"]
[TimeControl "120+12"]

1. e4 e5 2. Nc3 Nf6 3. Bc4 Nxe4 4. Qh5 Nd6 5. Bb3 Nc6 6. Nb5 g6 7. Qf3 f5 8.
Qd5 Qe7 9. Nxc7+ Kd8 10. Nxa8 b6 11. d3 Bg7 12. Nh3 Bb7 13. Bg5 Bf6 14. Nxb6
axb6 15. Bxf6 Qxf6 16. Qf3 Re8 17. Qg3 e4 18. O-O exd3 19. Qxd3 Ne4 20. Rfd1
Re7 21. f3 Nc5 22. Qc4 Nxb3 23. Qxb3 Nd4 24. Qg8+ Kc7 25. Qc4+ Bc6 26. Rxd4
b5 27. Qb4 Re2 28. c3 Qe6 29. Kf1 Rc2 30. Nf4 Qe5 31. Qb3 Bxf3 32. Qxc2 Be4
33. Qd2 d5 34. Re1 Qd6 35. Nxd5+ Qxd5 36. Rxd5 {Black resigns} 1-0

[Event "GambitGuide"]
[Site "Internet Chess Club"]
[Date "2014.10.31"]
[Round "1"]
[White "JSBach"]
[Black "joppie"]
[Result "1-0"]
[ICCResult "Black checkmated"]
[WhiteElo "1612"]
[BlackElo "1684"]
[Opening "Vienna: `Frankenstein-Dracula' variation"]
[ECO "C27"]
[NIC "VG.02"]
[Time "11:25:10"]
[TimeControl "120+12"]

1. e4 e5 2. Nc3 Nf6 3. Bc4 Nxe4 4. Qh5 Nd6 5. Bb3 Nc6 6. Nb5 g6 7. Qf3 f5 8.
Qd5 Qe7 9. Nxc7+ Kd8 10. Nxa8 b6 11. d3 Bg7 12. Nh3 Bb7 13. Bg5 Bf6 14. Nxb6
axb6 15. g3 Bxg5 16. Nxg5 Qxg5 17. Qxd6 Qe7 18. Qxe7+ Kxe7 19. Bd5 Na5 20.
Bxb7 Nxb7 21. Rd1 Ke6 22. O-O Ra8 23. a3 Rc8 24. c3 Nc5 25. d4 Na4 26. dxe5
Nxb2 27. Rd6+ Ke7 28. Rxb6 Rxc3 29. Rxb2 Rxa3 30. Rc1 Ra5 31. f4 g5 32. Rc7
gxf4 33. gxf4 Rd5 34. Rbb7 h5 35. Kf2 h4 36. Ke3 h3 37. Kf2 Rd2+ 38. Kg3
Rd3+ 39. Kh4 Ke6 40. Rb6+ Ke7 41. e6 Rd2 42. Kxh3 Rd3+ 43. Kh4 Rd2 44. Kg5
Rxh2 45. Rxd7+ Ke8 46. Rb8# {Black checkmated} 1-0

[Event "GambitGuide"]
[Site "Internet Chess Club"]
[Date "2014.10.31"]
[Round "1"]
[White "JSBach"]
[Black "jaxerny"]
[Result "1-0"]
[ICCResult "Black checkmated"]
[WhiteElo "1612"]
[BlackElo "1849"]
[Opening "Vienna: `Frankenstein-Dracula' variation"]
[ECO "C27"]
[NIC "VG.02"]
[Time "11:19:58"]
[TimeControl "120+12"]

1. e4 e5 2. Nc3 Nf6 3. Bc4 Nxe4 4. Qh5 Nd6 5. Bb3 Nc6 6. Nb5 g6 7. Qf3 f5 8.
Qd5 Qe7 9. Nxc7+ Kd8 10. Nxa8 b6 11. d3 Bb7 12. Nxb6 axb6 13. Qf3 Nd4 14.
Qh3 f4 15. Ba4 Bg7 16. c3 N4f5 17. Nf3 h6 18. Qg4 g5 19. Qh5 e4 20. Ng1
exd3+ 21. Kf1 Nc4 22. Bxf4 gxf4 23. Rd1 Nxb2 24. Qxf5 Nxd1 25. Bxd1 Re8 26.
Nf3 Be4 27. Qxf4 Bxc3 28. Qb8# {Black checkmated} 1-0

[Event "GambitGuide"]
[Site "Internet Chess Club"]
[Date "2014.10.31"]
[Round "1"]
[White "JSBach"]
[Black "OldNetflyer"]
[Result "1-0"]
[ICCResult "Black forfeits on time"]
[WhiteElo "1612"]
[BlackElo "1407"]
[Opening "Vienna: `Frankenstein-Dracula' variation"]
[ECO "C27"]
[NIC "VG.02"]
[Time "11:20:55"]
[TimeControl "120+12"]

1. e4 e5 2. Nc3 Nf6 3. Bc4 Nxe4 4. Qh5 Nd6 5. Bb3 Nc6 6. Nb5 g6 7. Qf3 f5 8.
Qd5 Qe7 9. Nxc7+ Kd8 10. Nxa8 b6 11. d3 Bb7 12. Nxb6 axb6 13. Qf3 Nd4 14.
Qg3 Bg7 15. Bg5 Bf6 16. Bxf6 Qxf6 17. Ba4 Re8 18. c3 b5 19. Bb3 e4 20. cxd4
Qxd4 21. O-O-O {Black forfeits on time} 1-0

[Event "GambitGuide"]
[Site "Internet Chess Club"]
[Date "2014.10.31"]
[Round "1"]
[White "JSBach"]
[Black "Mimir"]
[Result "1-0"]
[ICCResult "Black resigns"]
[WhiteElo "1612"]
[BlackElo "1528"]
[Opening "Vienna: `Frankenstein-Dracula' variation"]
[ECO "C27"]
[NIC "VG.02"]
[Time "11:26:39"]
[TimeControl "120+12"]

1. e4 e5 2. Nc3 Nf6 3. Bc4 Nxe4 4. Qh5 Nd6 5. Bb3 Nc6 6. Nb5 g6 7. Qf3 f5 8.
Qd5 Qe7 9. Nxc7+ Kd8 10. Nxa8 b6 11. d3 Bb7 12. Nxb6 axb6 13. Qf3 Na5 14.
Qg3 Nxb3 15. axb3 e4 16. Bg5 {Black resigns} 1-0

[Event "GambitGuide"]
[Site "Internet Chess Club"]
[Date "2014.10.31"]
[Round "1"]
[White "JSBach"]
[Black "Little-Fish"]
[Result "1/2-1/2"]
[ICCResult "Game drawn by repetition"]
[WhiteElo "1612"]
[BlackElo "1537"]
[Opening "Vienna: `Frankenstein-Dracula' variation"]
[ECO "C27"]
[NIC "VG.02"]
[Time "11:17:19"]
[TimeControl "120+12"]

1. e4 e5 2. Nc3 Nf6 3. Bc4 Nxe4 4. Qh5 Nd6 5. Bb3 Nc6 6. Nb5 g6 7. Qf3 f5 8.
Qd5 Qe7 9. Nxc7+ Kd8 10. Nxa8 b6 11. d3 Bb7 12. Nxb6 axb6 13. Qf3 Kc7 14.
Be3 f4 15. Bd2 Nd4 16. Qg4 h5 17. Qxg6 Rh6 18. Qg8 Bg7 19. Nh3 Bxg2 20. Rg1
Rg6 21. Qh7 Rg4 22. Qxh5 Nf3+ 23. Kd1 Nxg1 24. Nxg1 Qg5 25. Qxg5 Rxg5 26. d4
Ne4 27. h4 Rg6 28. h5 Rg5 29. dxe5 Bxe5 30. h6 Nxd2 31. Kxd2 Rh5 32. Re1 d6
33. f3 Rh1 34. Bd5 Bxb2 35. Ne2 Rxh6 36. Nxf4 Bh3 37. Rh1 Rf6 38. Nxh3 Rf5
39. c4 b5 40. Kd3 bxc4+ 41. Kxc4 Ba3 42. f4 Bc5 43. Be4 Rh5 44. a4 Kb6 45.
Nf2 d5+ 46. Bxd5 Rf5 47. Rh6+ Kc7 48. Kxc5 Rxf4 49. Rh7+ Kb8 50. Ne4 Rf1 51.
Rb7+ Kc8 52. Nd6+ Kd8 53. a5 Rc1+ 54. Kd4 Rd1+ 55. Ke4 Re1+ 56. Kd4 Rd1+ 57.
Ke4 Re1+ 58. Kd4 Rd1+ 59. Kc4 Rc1+ 60. Kd4 Rd1+ 61. Kc4 Rc1+ 62. Kb4 Rb1+
63. Kc4 Rc1+ 64. Kd4 Rd1+ 65. Ke4 Re1+ 66. Kf4 Rf1+ 67. Ke5 Re1+ 68. Kd4
Rd1+ 69. Ke4 {Game drawn by repetition} 1/2-1/2

[Event "GambitGuide"]
[Site "Internet Chess Club"]
[Date "2014.10.31"]
[Round "1"]
[White "JSBach"]
[Black "Mimir"]
[Result "1-0"]
[ICCResult "Black checkmated"]
[WhiteElo "1632"]
[BlackElo "1528"]
[Opening "Vienna: `Frankenstein-Dracula' variation"]
[ECO "C27"]
[NIC "VG.02"]
[Time "11:27:49"]
[TimeControl "120+12"]

1. e4 e5 2. Nc3 Nf6 3. Bc4 Nxe4 4. Qh5 Nd6 5. Bb3 Nc6 6. Nb5 g6 7. Qf3 f5 8.
Qd5 Qe7 9. Nxc7+ Kd8 10. Nxa8 b6 11. d3 Bb7 12. Nxb6 axb6 13. Qf3 Bg7 14.
Be3 Nd4 15. Qh3 Nxb3 16. Bxb6+ Kc8 17. axb3 e4 18. d4 Qe6 19. Qc3+ Kb8 20.
Qc7# {Black checkmated} 1-0

[Event "GambitGuide"]
[Site "Internet Chess Club"]
[Date "2014.10.31"]
[Round "1"]
[White "JSBach"]
[Black "karapana"]
[Result "1-0"]
[ICCResult "Black resigns"]
[WhiteElo "1647"]
[BlackElo "1066"]
[Opening "Vienna: `Frankenstein-Dracula' variation"]
[ECO "C27"]
[NIC "VG.02"]
[Time "11:25:38"]
[TimeControl "120+12"]

1. e4 e5 2. Nc3 Nf6 3. Bc4 Nxe4 4. Qh5 Nd6 5. Bb3 Nc6 6. Nb5 g6 7. Qf3 f5 8.
Qd5 Qe7 9. Nxc7+ Kd8 10. Nxa8 b6 11. d3 Bb7 12. Nxb6 axb6 13. Qf3 Nd4 14.
Qg3 e4 15. Bg5 exd3+ 16. Bxe7+ Bxe7 17. Qe5 Re8 18. cxd3 Bg5 19. Be6 Nc2+
20. Kd1 Nxa1 21. Qxd6 {Black resigns} 1-0

[Event "GambitGuide"]
[Site "Internet Chess Club"]
[Date "2014.10.31"]
[Round "1"]
[White "JSBach"]
[Black "Sagobert"]
[Result "0-1"]
[ICCResult "White checkmated"]
[WhiteElo "1647"]
[BlackElo "2300"]
[Opening "Vienna: `Frankenstein-Dracula' variation"]
[ECO "C27"]
[NIC "VG.02"]
[Time "11:24:36"]
[TimeControl "120+12"]

1. e4 e5 2. Nc3 Nf6 3. Bc4 Nxe4 4. Qh5 Nd6 5. Bb3 Nc6 6. Nb5 g6 7. Qf3 f5 8.
Qd5 Qe7 9. Nxc7+ Kd8 10. Nxa8 b6 11. d3 Bb7 12. Nxb6 axb6 13. Qf3 f4 14. Qg4
Bg7 15. Bd2 Ne8 16. c3 Nf6 17. Qg5 Qe8 18. Bc4 h6 19. Qh4 g5 20. Qh3 Qg6 21.
Ne2 Na5 22. O-O Nxc4 23. dxc4 h5 24. Rfe1 h4 25. Nc1 e4 26. Ne2 f3 27. gxf3
exf3 28. Nd4 g4 29. Qf1 g3 30. fxg3 hxg3 31. Nxf3 gxh2+ 32. Kh1 Qg3 33. Re3
Ng4 34. Be1 Qg1+ 35. Qxg1 hxg1=Q+ 36. Kxg1 Nxe3 37. Nd2 Ng4 38. Kf1 Rh2 39.
Bh4+ Rxh4 40. Ke2 Rh2+ 41. Ke1 Ne3 42. Rb1 Bf6 43. Nf3 Bxf3 44. a3 Bh4#
{White checkmated}
0-1

[Event "GambitGuide"]
[Site "Internet Chess Club"]
[Date "2014.10.31"]
[Round "1"]
[White "JSBach"]
[Black "Fifo25"]
[Result "0-1"]
[ICCResult "White checkmated"]
[WhiteElo "1667"]
[BlackElo "1509"]
[Opening "Vienna: `Frankenstein-Dracula' variation"]
[ECO "C27"]
[NIC "VG.02"]
[Time "11:20:50"]
[TimeControl "120+12"]

1. e4 e5 2. Nc3 Nf6 3. Bc4 Nxe4 4. Qh5 Nd6 5. Bb3 Nc6 6. Nb5 g6 7. Qf3 f5 8.
Qd5 Qe7 9. Nxc7+ Kd8 10. Nxa8 b6 11. d3 Bb7 12. Nxb6 axb6 13. Qf3 Nd4 14.
Qg3 f4 15. Qg4 N6f5 16. Ne2 Nxe2 17. Kxe2 Nd4+ 18. Ke1 g5 19. Bd2 h5 20. Qd1
Bxg2 21. Rg1 Bf3 22. Qb1 Bg4 23. Bd5 Qc5 24. c4 Be7 25. b4 Qd6 26. Bb7 Bf6
27. Qb2 Re8 28. Qc3 Ne2 29. c5 Qc7 30. cxb6 Qxc3 31. Bxc3 Nxg1 32. a4 Nf3+
33. Bxf3 Bxf3 34. b5 Be7 35. Rc1 e4 36. dxe4 d6 37. a5 Bxe4 38. a6 Kc8 39.
Bf6+ Kb8 40. Bxe7 Rxe7 41. Kd2 g4 42. Rc6 Bxc6 43. bxc6 h4 44. Kd3 g3 45.
fxg3 hxg3 46. c7+ Rxc7 47. bxc7+ Kxc7 48. hxg3 fxg3 49. Ke2 Kb6 50. Kf3 Kxa6
51. Kxg3 Kb5 52. Kf3 Kc4 53. Ke4 d5+ 54. Ke5 d4 55. Ke4 d3 56. Ke3 Kc3 57.
Kf2 d2 58. Ke2 Kc2 59. Ke3 d1=Q 60. Ke4 Qd6 61. Kf5 Kd3 62. Kg5 Ke4 63. Kh5
Qg3 64. Kh6 Kf5 65. Kh7 Kf6 66. Kh6 Qg6# {White checkmated} 0-1

[Event "GambitGuide"]
[Site "Internet Chess Club"]
[Date "2014.10.31"]
[Round "1"]
[White "JSBach"]
[Black "Humlepung"]
[Result "1-0"]
[ICCResult "Black resigns"]
[WhiteElo "1653"]
[BlackElo "1249"]
[Opening "Vienna: `Frankenstein-Dracula' variation"]
[ECO "C27"]
[NIC "VG.02"]
[Time "11:28:12"]
[TimeControl "120+12"]

1. e4 e5 2. Nc3 Nf6 3. Bc4 Nxe4 4. Qh5 Nd6 5. Bb3 Nc6 6. Nb5 g6 7. Qf3 f5 8.
Qd5 Qe7 9. Nxc7+ Kd8 10. Nxa8 b6 11. d3 Bb7 12. Nxb6 axb6 13. Qf3 Nd4 14.
Qh3 Nxb3 15. axb3 e4 16. d4 Bg7 17. Be3 Nb5 18. Ne2 Bf6 19. c4 Nc7 20. Ra7
Bc8 21. Qg3 d6 22. Bf4 Kd7 23. c5 {Black resigns} 1-0

[Event "GambitGuide"]
[Site "Internet Chess Club"]
[Date "2014.10.31"]
[Round "1"]
[White "JSBach"]
[Black "Drunxican"]
[Result "1-0"]
[ICCResult "Black checkmated"]
[WhiteElo "1653"]
[BlackElo "1518"]
[Opening "Vienna: `Frankenstein-Dracula' variation"]
[ECO "C27"]
[NIC "VG.02"]
[Time "11:27:30"]
[TimeControl "120+12"]

1. e4 e5 2. Nc3 Nf6 3. Bc4 Nxe4 4. Qh5 Nd6 5. Bb3 Nc6 6. Nb5 g6 7. Qf3 f5 8.
Qd5 Qe7 9. Nxc7+ Kd8 10. Nxa8 b6 11. d3 Bb7 12. Nxb6 axb6 13. Qf3 Nd4 14.
Qg3 Bg7 15. Bg5 Bf6 16. Bxf6 Qxf6 17. Ba4 Re8 18. c3 Ne6 19. Nf3 b5 20. Bc2
f4 21. Qh3 g5 22. a4 b4 23. cxb4 Qg6 24. Rc1 h5 25. d4 e4 26. Ne5 Qf6 27.
Qxh5 Nxd4 28. Ng4 Qf5 29. Nh6 Qe5 30. Ng4 Qd5 31. Nf6 Qc4 32. Nxe8 Nxc2+ 33.
Rxc2 Qxc2 34. Nxd6 e3 35. Qxg5+ Kc7 36. Nb5+ Kb6 37. Qd8+ Ka6 38. Qa5#
{Black checkmated}
1-0

[Event "GambitGuide"]
[Site "Internet Chess Club"]
[Date "2014.10.31"]
[Round "1"]
[White "JSBach"]
[Black "Joennyxan"]
[Result "1-0"]
[ICCResult "Black resigns"]
[WhiteElo "1653"]
[BlackElo "843"]
[Opening "Vienna: `Frankenstein-Dracula' variation"]
[ECO "C27"]
[NIC "VG.02"]
[Time "11:28:15"]
[TimeControl "120+12"]

1. e4 e5 2. Nc3 Nf6 3. Bc4 Nxe4 4. Qh5 Nd6 5. Bb3 Nc6 6. Nb5 g6 7. Qf3 f5 8.
Qd5 Qe7 9. Nxc7+ Kd8 10. Nxa8 b6 11. d3 e4 12. dxe4 Nxe4 13. Be3 Qb4+ 14. c3
Nxc3 15. Qd2 Ne4 16. Qxb4 Bxb4+ 17. Kf1 Ba6+ 18. Ne2 Bd2 19. Rd1 Bxe3 20.
fxe3 {Black resigns} 1-0

[Event "GambitGuide"]
[Site "Internet Chess Club"]
[Date "2014.10.31"]
[Round "1"]
[White "JSBach"]
[Black "Little-Fish"]
[Result "1-0"]
[ICCResult "Black resigns"]
[WhiteElo "1653"]
[BlackElo "1537"]
[Opening "Vienna: `Frankenstein-Dracula' variation"]
[ECO "C27"]
[NIC "VG.02"]
[Time "11:28:03"]
[TimeControl "120+12"]

1. e4 e5 2. Nc3 Nf6 3. Bc4 Nxe4 4. Qh5 Nd6 5. Bb3 Nc6 6. Nb5 g6 7. Qf3 f5 8.
Qd5 Qe7 9. Nxc7+ Kd8 10. Nxa8 b6 11. d3 Bb7 12. Nxb6 axb6 13. Qf3 Kc7 14.
Be3 Nd4 15. Qh3 f4 16. Bxd4 exd4+ 17. Ne2 Bg7 18. Kf1 g5 19. Re1 Re8 20. Kg1
h6 21. Bc4 f3 22. gxf3 Rf8 23. Kf1 Nxc4 24. dxc4 Bxf3 25. Nxd4 Qf6 26. Nxf3
Qxf3 27. Qxf3 Rxf3 28. Ke2 Rf4 29. b3 Bd4 30. f3 Bc3 31. Rc1 Rf5 32. Rhf1
Re5+ 33. Kd3 Bb4 34. f4 gxf4 35. Rxf4 Bc5 36. Re4 Rh5 37. Re2 Rh3+ 38. Kd2
Bb4+ 39. c3 Bc5 40. Rf1 Bd6 41. Rff2 Rh4 42. Kd3 {Black resigns} 1-0

[Event "GambitGuide"]
[Site "Internet Chess Club"]
[Date "2014.10.31"]
[Round "1"]
[White "JSBach"]
[Black "SPARNALIQ"]
[Result "0-1"]
[ICCResult "White checkmated"]
[WhiteElo "1653"]
[BlackElo "2797"]
[Opening "Vienna: `Frankenstein-Dracula' variation"]
[ECO "C27"]
[NIC "VG.02"]
[Time "11:23:36"]
[TimeControl "120+12"]

1. e4 e5 2. Nc3 Nf6 3. Bc4 Nxe4 4. Qh5 Nd6 5. Bb3 Nc6 6. Nb5 g6 7. Qf3 f5 8.
Qd5 Qe7 9. Nxc7+ Kd8 10. Nxa8 b6 11. d3 Bb7 12. Nxb6 axb6 13. Qf3 Nd4 14.
Qg3 Bg7 15. Bg5 Bf6 16. Bxf6 Qxf6 17. Ba4 b5 18. Bb3 Re8 19. c3 Ne6 20. Nf3
e4 21. Qxd6 exf3 22. Qb8+ Bc8 23. O-O Qg5 24. g3 Qg4 25. Rae1 Qh3 26. Qb6+
Ke7 27. Rxe6+ dxe6 28. Qc5+ Kf7 29. Qc7+ Kg8 30. Bxe6+ Bxe6 31. Qxh7+ Kxh7
32. Re1 Bxa2 33. Re7+ Rxe7 34. d4 Bd5 35. Kh1 b4 36. cxb4 Rb7 37. b5 Rxb5
38. b4 Rxb4 39. g4 Rxd4 40. g5 Kg7 41. Kg1 Kf7 42. Kh1 Ke6 43. Kg1 Ke5 44.
Kh1 Ra4 45. Kg1 Ra7 46. Kh1 Rd7 47. Kg1 Rd6 48. Kh1 Rd8 49. Kg1 Rf8 50. Kh1
Rg8 51. Kg1 Rh8 52. Kh1 Rh7 53. Kg1 Rg7 54. Kh1 Rf7 55. Kg1 Re7 56. Kh1 Rd7
57. Kg1 Rc7 58. Kh1 Rb7 59. Kg1 Be4 60. Kh1 Rb6 61. Kg1 Rb5 62. Kh1 Rb4 63.
Kg1 Rb3 64. Kh1 Rb4 65. Kg1 Rb5 66. Kh1 Rb6 67. Kg1 Rb7 68. Kh1 Ra7 69. Kg1
Ra6 70. Kh1 Ra5 71. Kg1 Ra4 72. Kh1 Ra3 73. Kg1 Ra2 74. Kh1 Ra3 75. Kg1 Ra4
76. Kh1 Rc4 77. Kg1 Rd4 78. Kh1 Kd6 79. Kg1 Kc7 80. Kh1 Kb6 81. Kg1 Kc5 82.
Kh1 Kd6 83. Kg1 Ke5 84. Kh1 Kf4 85. Kg1 Rd6 86. Kh1 Rd8 87. Kg1 Rb8 88. Kh1
Rb6 89. Kg1 Kxg5 90. Kh1 Kf6 91. Kg1 Rc6 92. Kh1 Rd6 93. Kg1 Rd7 94. Kh1 Re7
95. Kg1 Ke6 96. Kh1 Kd6 97. Kg1 Kc6 98. Kh1 Kb6 99. Kg1 Ka7 100. Kh1 Ka8
101. Kg1 Kb7 102. Kh1 Ka6 103. Kg1 Ka5 104. Kh1 Ka4 105. Kg1 Ka3 106. Kh1
Ka2 107. Kg1 Ka1 108. Kh1 Kb1 109. Kg1 Kb2 110. Kh1 Kc2 111. Kg1 Kc3 112.
Kh1 Kd3 113. Kg1 Kd4 114. Kh1 Kd5 115. Kg1 Ke5 116. Kh1 Ke6 117. Kg1 Kf6
118. Kh1 Kf7 119. Kg1 Kg7 120. Kh1 Kg8 121. Kg1 Kh8 122. Kh1 Kh7 123. Kg1
Kh6 124. Kh1 Kh5 125. Kg1 Kh6 126. Kh1 Kg7 127. Kg1 Kf6 128. Kh1 Ke5 129.
Kg1 Kd6 130. Kh1 Rb7 131. Kg1 Bc2 132. Kh1 Rc7 133. Kg1 Rc3 134. Kh1 Ke5
135. Kg1 Rc6 136. Kh1 Rd6 137. Kg1 Rd8 138. Kh1 Kd4 139. Kg1 g5 140. Kh1 Be4
141. Kg1 Re8 142. Kh1 Kd3 143. Kg1 Kd2 144. Kh1 Kd1 145. Kg1 Kc1 146. Kh1
Kb1 147. Kg1 Ka1 148. Kh1 Ka2 149. Kg1 Kb2 150. Kh1 Kc2 151. Kg1 Kc3 152.
Kh1 Kb3 153. Kg1 Ka3 154. Kh1 Ka4 155. Kg1 Kb4 156. Kh1 Kc4 157. Kg1 Kd5
158. Kh1 Kc5 159. Kg1 Kb5 160. Kh1 Ka5 161. Kg1 Ka6 162. Kh1 Kb6 163. Kg1
Kc6 164. Kh1 Kd6 165. Kg1 Kd7 166. Kh1 Kc7 167. Kg1 Kb7 168. Kh1 Ka7 169.
Kg1 Ka8 170. Kh1 Kb8 171. Kg1 Kc8 172. Kh1 Kd8 173. Kg1 Re5 174. Kh1 Ba8
175. Kg1 Ke8 176. Kh1 Kf8 177. Kg1 Kg8 178. Kh1 Kh8 179. Kg1 Kh7 180. Kh1
Kh6 181. Kg1 Kh5 182. Kh1 Kh4 183. Kg1 Kg4 184. Kh1 Kf4 185. Kg1 Ke4 186.
Kh1 Kd3 187. Kg1 g4 188. Kh1 Be4 189. Kg1 Kd2 190. Kh1 Kd1 191. Kg1 Kc1 192.
Kh1 Kb1 193. Kg1 Ka1 194. Kh1 Ka2 195. Kg1 Kb2 196. Kh1 Kc2 197. Kg1 Kc3
198. Kh1 Kb3 199. Kg1 Ka3 200. Kh1 Ka4 201. Kg1 Kb4 202. Kh1 Kc4 203. Kg1
Kd5 204. Kh1 Kc5 205. Kg1 Kb5 206. Kh1 Ka5 207. Kg1 Ka6 208. Kh1 Kb6 209.
Kg1 Kc6 210. Kh1 Kd6 211. Kg1 Kd7 212. Kh1 Kc7 213. Kg1 Kb7 214. Kh1 Ka7
215. Kg1 Ka8 216. Kh1 Kb8 217. Kg1 Kc8 218. Kh1 Kd8 219. Kg1 f4 220. Kh1 Bh7
221. Kg1 Kd7 222. Kh1 Kd6 223. Kg1 Kd5 224. Kh1 Kd4 225. Kg1 Kd3 226. Kh1
Kd2 227. Kg1 Kd1 228. Kh1 Kc1 229. Kg1 Kc2 230. Kh1 Kc3 231. Kg1 Kc4 232.
Kh1 Kc5 233. Kg1 Kc6 234. Kh1 Kc7 235. Kg1 Kc8 236. Kh1 Kb8 237. Kg1 Kb7
238. Kh1 Kb6 239. Kg1 Kb5 240. Kh1 Kb4 241. Kg1 Kb3 242. Kh1 Kb2 243. Kg1
Kb1 244. Kh1 Ka1 245. Kg1 Ka2 246. Kh1 Ka3 247. Kg1 Ka4 248. Kh1 Ka5 249.
Kg1 Ka6 250. Kh1 Ka7 251. Kg1 Ka8 252. Kh1 Re2 253. Kg1 Kb7 254. Kh1 Rxf2
255. Kg1 Re2 256. Kh1 Bf5 257. Kg1 Ka8 258. Kh1 Ka7 259. Kg1 Ka6 260. Kh1
Ka5 261. Kg1 Ka4 262. Kh1 Ka3 263. Kg1 Ka2 264. Kh1 Ka1 265. Kg1 Kb1 266.
Kh1 Kb2 267. Kg1 Kb3 268. Kh1 Kb4 269. Kg1 Kb5 270. Kh1 Kb6 271. Kg1 Kb7
272. Kh1 Kb8 273. Kg1 Kc8 274. Kh1 Kd8 275. Kg1 Ke8 276. Kh1 Kf8 277. Kg1
Kg8 278. Kh1 Kh8 279. Kg1 Kh7 280. Kh1 Kh6 281. Kg1 Kh5 282. Kh1 Kh4 283.
Kg1 Kg5 284. Kh1 Kg6 285. Kg1 Kg7 286. Kh1 Kf7 287. Kg1 Kf6 288. Kh1 Ke6
289. Kg1 Ke7 290. Kh1 Kd7 291. Kg1 Kd6 292. Kh1 Kd5 293. Kg1 Ke5 294. Kh1
Ke4 295. Kg1 Ke3 296. Kh1 Kd3 297. Kg1 Kd2 298. Kh1 Ke1 299. Kg1 Qh7 300. h3
Qh4 301. Kh1 Kd2 302. Kg1 Kd3 303. hxg4 Bxg4 304. Kf1 Bd7 305. Kg1 Ke4 306.
Kf1 Kf5 307. Kg1 Kg6 308. Kf1 Kf7 309. Kg1 Ke7 310. Kf1 Kd8 311. Kg1 Kc7
312. Kf1 Kc6 313. Kg1 Kc5 314. Kf1 Kb4 315. Kg1 Kc3 316. Kf1 Kb2 317. Kg1
Ka1 318. Kf1 Ka2 319. Kg1 Ka3 320. Kf1 Ka4 321. Kg1 Ka5 322. Kf1 Ka6 323.
Kg1 Ka7 324. Kf1 Ka8 325. Kg1 Kb7 326. Kf1 Bb5 327. Kg1 Kc6 328. Kf1 Kd5
329. Kg1 Ke4 330. Kf1 Kf5 331. Kg1 Kg4 332. Kf1 Re6+ 333. Kg1 Be8 334. Kf1
Kg3 335. Kg1 Qh8 336. Kf1 Qb2 337. Kg1 f2+ 338. Kf1 Kg4 339. Kg2 Bg6 340.
Kf1 Bf5 341. Kg2 Rf6 342. Kf1 Rf7 343. Kg2 Rf8 344. Kf1 Re8 345. Kg2 Rf8
346. Kf1 Rh8 347. Kg2 Rh6 348. Kf1 Ra6 349. Kg2 Bg6 350. Kf1 Bh7 351. Kg2
Bg8 352. Kf1 Bb3 353. Kg2 Ba2 354. Kf1 Bb1 355. Kg2 Be4+ 356. Kf1 Bg6 357.
Kg2 Kf5 358. Kf1 Ke6 359. Kg2 Kd7 360. Kh3 Kc8 361. Kg4 Kb7 362. Kxf4 Bc2
363. Kg4 Ba4 364. Kf5 Bd7+ 365. Ke4 Kc8 366. Kd5 Kd8 367. Ke4 Ke7 368. Kf3
Bf5 369. Kf4 Kf6 370. Kf3 Ra3+ 371. Kg2 Rb3 372. Kf1 Kf7 373. Kg2 Kf8 374.
Kf1 Kg7 375. Kg2 Kf7 376. Kf1 Kg6 377. Kg2 Kf6 378. Kf1 Kg5 379. Kg2 Kf4
380. Kf1 Bd3+ 381. Kg2 Ba6 382. Kh1 Kg4 383. Kg2 Rg3+ 384. Kh2 Kf3 385. Kh1
Bc8 386. Kh2 Bg4 387. Kh1 Bf5 388. Kh2 Be6 389. Kh1 Qf6 390. Kh2 f1=N+ 391.
Kh1 Ne3 392. Kh2 Qg7 393. Kh1 Qf8 394. Kh2 Qe7 395. Kh1 Qd6 396. Kh2 Qd7
397. Kh1 Qc6 398. Kh2 Qd5 399. Kh1 Qe4 400. Kh2 Ng4+ 401. Kh1 Nf2+ 402. Kh2
Qh7# {White checkmated} 0-1

[Event "GambitGuide"]
[Site "Internet Chess Club"]
[Date "2014.10.31"]
[Round "1"]
[White "JSBach"]
[Black "modern-saavarni"]
[Result "1-0"]
[ICCResult "Black checkmated"]
[WhiteElo "1653"]
[BlackElo "940"]
[Opening "Vienna: `Frankenstein-Dracula' variation"]
[ECO "C27"]
[NIC "VG.02"]
[Time "11:30:47"]
[TimeControl "120+12"]

1. e4 e5 2. Nc3 Nf6 3. Bc4 Nxe4 4. Qh5 Nd6 5. Bb3 Nc6 6. Nb5 g6 7. Qf3 f5 8.
Qd5 Qe7 9. Nxc7+ Kd8 10. Nxa8 b6 11. d3 Ba6 12. Nf3 Bb7 13. Bg5 Qxg5 14.
Nxg5 Bxa8 15. Ba4 Ne7 16. Nf7+ Ke8 17. Nxd6+ Kd8 18. Qxa8+ Kc7 19. Nb5#
{Black checkmated}
1-0

[Event "GambitGuide"]
[Site "Internet Chess Club"]
[Date "2014.10.31"]
[Round "1"]
[White "JSBach"]
[Black "karapana"]
[Result "1-0"]
[ICCResult "Black resigns"]
[WhiteElo "1653"]
[BlackElo "1066"]
[Opening "Vienna: `Frankenstein-Dracula' variation"]
[ECO "C27"]
[NIC "VG.02"]
[Time "11:29:48"]
[TimeControl "120+12"]

1. e4 e5 2. Nc3 Nf6 3. Bc4 Nxe4 4. Qh5 Nd6 5. Bb3 Nc6 6. Nb5 g6 7. Qf3 f5 8.
Qd5 Qe7 9. Nxc7+ Kd8 10. Nxa8 b6 11. d3 e4 12. dxe4 Nxe4 13. Be3 Bh6 14.
Nxb6 axb6 15. Bxb6+ Ke8 16. Kd1 Nxf2+ 17. Bxf2 Ba6 18. Bd4 Nxd4 19. Qa8+
{Black resigns}
1-0

[Event "GambitGuide"]
[Site "Internet Chess Club"]
[Date "2014.10.31"]
[Round "1"]
[White "JSBach"]
[Black "gman"]
[Result "1-0"]
[ICCResult "Black resigns"]
[WhiteElo "1653"]
[BlackElo "2312"]
[Opening "Vienna: `Frankenstein-Dracula' variation"]
[ECO "C27"]
[NIC "VG.02"]
[Time "11:30:42"]
[TimeControl "120+12"]

1. e4 e5 2. Nc3 Nf6 3. Bc4 Nxe4 4. Qh5 Nd6 5. Bb3 Nc6 6. Nb5 g6 7. Qf3 f5 8.
Qd5 Qe7 9. Nxc7+ Kd8 10. Nxa8 b6 11. d3 Bb7 12. Nxb6 axb6 13. Qf3 Kc7 14. c3
Bg7 15. Bd5 Re8 16. Qh3 Bf6 17. Ne2 e4 18. dxe4 Nxe4 19. O-O Ng5 20. Qg3+
Kc8 21. Re1 Ne4 22. Qe3 Bg5 23. Qxb6 Bxc1 24. Nxc1 Qd8 25. Qxd8+ Kxd8 26. f3
Nf6 27. Rxe8+ Kxe8 28. Bxc6 Bxc6 29. a4 Nd5 30. a5 Kd8 31. a6 Kc8 32. Nd3
Kb8 33. c4 Nf6 34. b4 Ka7 35. b5 Ba8 36. Re1 Kb6 37. Re7 Kc7 38. Rf7 Nh5 39.
Ne5 {Black resigns} 1-0